 Dungeon Crawl Stone Soup version 0.31.0-11-ge490571c62 (webtiles) character file.

Game seed: 12148272415252446802

53 qw the Shooter (level 3, -2/20 HPs)
             Began as a Deep Elf Hunter on Feb 4, 2024.
             Succumbed to their own poison gas
             ... on level 3 of the Dungeon.
             The game lasted 00:00:16 (1948 turns).

qw the Shooter (Deep Elf Hunter)                    Turns: 1948, Time: 00:00:17

Health: -2/20      AC:  6    Str: 10    XL:     3   Next: 64%
Magic:  5/5        EV:  9    Int: 13    God:
Gold:   110        SH:  0    Dex: 24    Spells: 2/2 levels left

rFire   . . .        a - +0 shortbow
rCold   . . .        (shield currently unavailable)
rNeg    . . .        d - +0 scale mail
rPois   .            (no helmet)
rElec   .            (no cloak)
rCorr   .            (no gloves)
SInv    .            (no boots)
Will    .....        (no amulet)
Stlth   +            b - +6 ring of dexterity
HPRegen 0.23/turn    (no ring)
MPRegen 0.09/turn

%: no passive effects
@: lethally poisoned (-2 -> -24)
A: no striking features
a: no special abilities


You were on level 3 of the Dungeon.
You visited 1 branch of the dungeon, and saw 3 of its levels.

You collected 110 gold pieces.


   Skills:
 - Level 1.5 Fighting
 + Level 7.1 Ranged Weapons
 - Level 2.4 Dodging
 - Level 1.2 Stealth


You had 2 spell levels left.
You didn't know any spells.
Your spell library was empty.

Inventory:

Hand Weapons
 a - a +0 shortbow (weapon)
Armour
 d - a +0 scale mail (worn)
Jewellery
 b - a +6 ring of dexterity (left hand)
Wands
 h - a wand of polymorph (6)
Potions
 f - a potion of mutation
 g - a potion of lignification {unknown}

Dungeon Overview and Level Annotations

Branches:
Dungeon (3/15)

Altars:
Ru

Shops:
D:3 [

Portals:
Sewer: D:3


Message History

Found an escape hatch in the floor.
h - a wand of polymorph (6)
There is an escape hatch in the floor here.
i - a scroll labelled HOUQ WELI GIMN You hear the rusting of a very distant drain.
You open the door.
There is an open door here.
You hear the rusting of a drain nearby.
j - a +6 ring of intelligence You hear the brisk rusting of a drain.
You open the door.
There is an open door here.
You enter the shallow water.
Moving in this stuff is going to be slow.
As you open the large door, it creaks loudly!
Found a glowing drain.
1844 ||| DROPPING +6 ring of intelligence.
You drop a +6 ring of intelligence.
You hear a splash.
1845 ||| READING scroll labelled KEUG KO YTSUE.
As you read the scroll labelled KEUG KO YTSUE, it crumbles to dust.
A profound silence engulfs you.
It was a scroll of silence.
You start waiting.
Your hearing returns.
You hear the brisk rusting of a drain. x2
Done waiting.
1946 ||| READING scroll labelled BYNLAN ACYTA.
This is a scroll of acquirement!
1946 ||| ACQUIRING ring "Puegeir" {Fire rElec Str+9 Dex-3 Stlth+} You hear a splash.
Something appears at your feet!
1947 ||| READING scroll labelled HOUQ WELI GIMN.
The air fills with toxic fumes!
As you read the scroll labelled HOUQ WELI GIMN, it crumbles to dust.
It was a scroll of poison.
Sorry, I don't know how to get there.
Enter note: You are engulfed in poison gas.
You are lethally poisoned!
Ouch! That really hurt!
You die...

#.###.#..###.¤..¤#..#
#...
#.###.#).#...¤##¤.#.#
#...
#........#...#¤¤#...#
####
#######.<..#..##¤¤##..#
...........#..#¤¤¤¤#..#
#######.\..#..#¤¤¤¤#..#
############..##¤¤##..#
...............#¤=#...#
###########.#.##@¤##.##
#.#.#¤¤¤¤#.#
#.#.######.#
#.#........#
#......##### ########


There were no monsters in sight!

Vanquished Creatures
  A gnoll (D:1)
  A ribbon worm (D:2)
  2 bats (D:1)
  3 endoplasms
  A giant cockroach (D:1)
  2 goblins
  4 hobgoblins
  5 quokkas (D:1)
  6 ball pythons
  A frilled lizard (D:1)
  5 kobolds
  8 rats
39 creatures vanquished.

Notes
Turn   | Place    | Note
-------+----------+-------------------------------------------
     0 | D:1      | qw the Deep Elf Hunter began the quest for the Orb.
     0 | D:1      | Reached XP level 1. HP: 12/12 MP: 3/3
     0 | D:1      | 0 ||| qw: Version: 0.3-a-160-g6735b56
     0 | D:1      | 0 ||| qw: Game counter: 5821
     0 | D:1      | 0 ||| qw: Melee chars always use a shield: true
     0 | D:1      | 0 ||| qw: God list: Okawaru
     0 | D:1      | 0 ||| qw: Allow faded altars: false
     0 | D:1      | 0 ||| qw: Do Orc after clearing Dungeon:15 true
     0 | D:1      | 0 ||| qw: Do second Lair branch before Depths: true
     0 | D:1      | 0 ||| qw: Lair rune preference: random
     0 | D:1      | 0 ||| qw: Goals: Normal
     0 | D:1      | 0 ||| PLANNING D:1-11
   163 | D:1      | Reached skill level 6 in Ranged Weapons
   163 | D:1      | Reached XP level 2. HP: 16/16 MP: 4/4
   353 | D:1      | Reached XP level 3. HP: 20/20 MP: 5/5
   654 | D:1      | 654 ||| READING 2 scrolls labelled GOLUSO QACH.
   654 | D:1      | 654 ||| IDENTIFYING lumpy purple potion
   655 | D:1      | 655 ||| READING scroll of identify.
   655 | D:1      | 655 ||| IDENTIFYING scroll labelled KAPNYU ENIWNEA
   656 | D:1      | 656 ||| DROPPING scroll of butterflies.
   657 | D:1      | 657 ||| DROPPING scroll of fear.
   869 | D:2      | 869 ||| READING scroll labelled YSAMYB YLEKI.
   895 | D:2      | Reached skill level 7 in Ranged Weapons
  1250 | D:2      | 1250 ||| UPGRADING to +6 ring of dexterity.
  1594 | D:2      | 1594 ||| UPGRADING to +0 scale mail.
  1604 | D:2      | 1604 ||| DROPPING +0 leather armour.
  1633 | D:3      | Found Dysinof's Antique Armour Shop.
  1634 | D:3      | 1634 ||| PLANNING SEWER
  1641 | D:3      | 1641 ||| SHOPLISTING pair of boots (99 gold, have 81).
  1641 | D:3      | 1641 ||| SHOPLISTING ring mail (88 gold, have 81).
  1641 | D:3      | 1641 ||| SHOPLISTING shiny ring mail (154 gold, have 81).
  1641 | D:3      | 1641 ||| SHOPLISTING spiked ring mail (198 gold, have 81).
  1686 | D:3      | Found a sacrificial altar of Ru.
  1843 | D:3      | Found a glowing drain.
  1844 | D:3      | 1844 ||| DROPPING +6 ring of intelligence.
  1845 | D:3      | 1845 ||| READING scroll labelled KEUG KO YTSUE.
  1946 | D:3      | 1946 ||| READING scroll labelled BYNLAN ACYTA.
  1946 | D:3      | Identified a scroll of acquirement
  1946 | D:3      | 1946 ||| ACQUIRING ring "Puegeir" {Fire rElec Str+9 Dex-3
                  | Stlth+}
  1946 | D:3      | Acquired the ring "Puegeir" {Fire rElec Str+9 Dex-3 Stlth+}
  1947 | D:3      | 1947 ||| READING scroll labelled HOUQ WELI GIMN.
  1948 | D:3      | Succumbed to their own poison gas

Levels and vault maps discovered:
D:1:      co_arrival_square_in_a_square_in_a_square, layout_basic,
          hangedman_decor_peaks_small
D:2:      layout_basic, serial_co_window_serial, co_window_corner_a,
          co_window_paths_a, co_window_paths_a, co_window_of_opportunity_a,
          co_window_of_opportunity_a, co_window_paths_c, co_window_2corner,
          co_window_broadway_a, co_window_of_opportunity_c, co_window_4corner_b,
          co_window_4corner_a, glass_columns_b, glass_columns_c, glass_columns_a
D:3:      layout_basic, fedhas_altar_4, mainiacjoe_overflow_catwalk,
          serial_forest, infiniplex_forest_lined_4_way,
          infiniplex_forest_clump_curved, infiniplex_forest_straight_3,
          infiniplex_forest_straight_2, infiniplex_forest_split,
          infiniplex_forest_clump_tiny, infiniplex_forest_clump_double,
          gup_sewer_entry_bowl, serial_shops, shop

Skill      XL: |  1  2  3 |
---------------+----------+-----
Ranged Weapons | 6 7 |  7.1
Fighting       | |  1.5
Dodging        | |  2.4
Stealth        | |  1.2

Action                     || total
---------------------------++-------
   Fire: Shortbow          ||   109
    Use: Scroll            ||     6
 Armour: Leather armour    ||     6
  Dodge: Dodged            ||    18

Table legend:
 A = Non-vault XP
 B = Vault XP
 C = Vault XP percentage of total XP
 D = Non-vault monster count
 E = Vault monster count
 F = Vault count percentage of total count
                 A         B        C        D         E       F
            +---------+---------+-------+---------+---------+-------
      Total |      75 |       2 |   2.6 |      37 |       2 |   5.1
            +---------+---------+-------+---------+---------+-------
        D:1 |      49 |       0 |   0.0 |      23 |       0 |   0.0
        D:2 |      23 |       0 |   0.0 |      12 |       0 |   0.0
        D:3 |       3 |       2 |  40.0 |       2 |       2 |  50.0
            +---------+---------+-------+---------+---------+-------
